Unix NetHack Version 5.0.0-0 post-release - last build Jun 10 2026 00:39:30 (3ee93aec679c4c4259841fe613dc97188e26a321,branch:main).

Game began 2026-06-10 19:06:56, ended 2026-06-10 19:28:44.

Brudee, chaotic female human Rogue

                                                            ---------
                                          # ######          |.......|
                                           ###############  |.......|
                                 -------------     [     ###..(.....|
                                 |C..@......C|     #     ###|...<...|
                                 |...C.C.....|     #        ---------
                                 |...-----...|     #        ###
                                 |...    |...|     #          #
                                 |..C    |C..|     #          #
                                 |..     |...|     #    #     #
                                 |.. -----...|     ######-----#
                                 |.....C.....|       ####|...|#   -------
                                 |C.........C.###########..[..#   |."...|
                                 -------------###########|..[|####......|
                                             ##         #-----#   |.....|
                                                             ##   -------

Brudee the Cutpurse     St:15 Dx:18 Co:17 In:10 Wi:9 Ch:7  Chaotic S:1405
Dlvl:7  $:117 HP:0(38) Pw:21(21) AC:4  Xp:5/242 T:2520  Burdened

Latest messages:
 You learn more about your items by comparing them.
 d - an uncursed potion of sickness (2 in total).
 Sparky misses the cave spider.
 You see the cave spider hide under a whistle.
 There is nothing here to pick up.
 Wait!  There's a cave spider hiding under a whistle!
 Sparky bites the cave spider.
 The cave spider is killed!
 There is a cave spider corpse here; eat it? [ynq] (n) y
 This cave spider corpse is tough.
 You finish eating the cave spider corpse.
 You have a little trouble lifting U - a whistle.
 What do you want to use or apply? [efikltuyAKU or ?*] U
 You produce a strange whistling sound.
 Sparky vanishes and reappears next to you.
 Sparky picks up a purple spellbook.
 What do you want to adjust? [a-mo-vyzAC-FH-U or ?*] U
 Adjust letter to what [nwxBGU-Z] (? see used letters)? a
 Swapping: a - a magic whistle.
 You have a little trouble lifting V - a stained spellbook.
 There is nothing here to pick up.
 Sparky is caught in a spider web.
 You hear the splashing of a naiad.
 The plains centaur hits!
 The plains centaur kicks!
 In what direction? j
 The dagger hits the plains centaur.
 The plains centaur just misses!
 The plains centaur kicks!
 The plains centaur hits!
 The plains centaur kicks!
 In what direction? j
 The dagger hits the plains centaur.
 The plains centaur hits!
 The plains centaur kicks!
 The plains centaur hits!
 The plains centaur misses!
 In what direction? j
 The dagger hits the plains centaur.
 The plains centaur hits!
 The plains centaur kicks!
 The plains centaur hits!
 The plains centaur kicks!
 The plains centaur hits!
 You die...
 Do you want your possessions identified? [ynq] (y) y
 Do you want to see your attributes? [ynq] (y) y
 Do you want an account of creatures vanquished? [ynaq] (y) a
 Do you want to see your conduct and achievements? [ynq] (y) y
 Do you want to see the dungeon overview? [ynq] (y) n

Inventory:
 Coins    ('$')
  $ - 117 gold pieces
 Weapons  (')')
  F - 8 +0 ya
  D - 6 +0 darts
  b - a rustproof +0 dagger (weapon in right hand)
  p - 8 +0 daggers (at the ready)
  r - a cursed -2 orcish dagger
  U - a +0 short sword
  k - a cursed +3 bill-guisarme
 Armor    ('[')
  j - an uncursed +0 orcish helm (being worn)
  L - a cursed +0 pair of low boots
  H - an uncursed +0 shield of reflection (being worn)
  I - an uncursed +0 cloak of magic resistance
  g - a cursed -1 cloak of magic resistance (being worn)
  R - an uncursed +0 mummy wrapping
  c - an uncursed +1 leather armor (being worn)
 Comestibles  ('%')
  T - an uncursed food ration
  M - 2 uncursed fortune cookies
  h - an uncursed partly eaten lembas wafer
 Scrolls  ('?')
  N - an uncursed scroll of confuse monster
  O - a cursed scroll of enchant armor
  J - an uncursed scroll of light
 Spellbooks  ('+')
  i - an uncursed spellbook of healing
  A - an uncursed spellbook of healing
  V - an uncursed spellbook of slow monster
  t - an uncursed spellbook of wizard lock
 Potions  ('!')
  P - an uncursed potion of booze
  o - an uncursed potion of gain ability
  S - an uncursed potion of healing
  C - an uncursed potion of invisibility
  q - a blessed potion of object detection
  E - an uncursed potion of paralysis
  d - 2 uncursed potions of sickness
 Wands    ('/')
  u - a wand of digging (0:3)
  K - a wand of slow monster (0:8)
  y - a wand of stasis (0:3)
 Tools    ('(')
  f - an empty uncursed sack
  l - a cursed can of grease (0:13)
  e - an uncursed lock pick
  a - an uncursed magic whistle
 Gems/Stones  ('*')
  m - a cursed agate stone
  v - 2 uncursed topaz stones
  Q - an uncursed worthless piece of blue glass
  z - 3 uncursed worthless pieces of violet glass
  s - a cursed worthless piece of white glass

Brudee the Rogue's attributes:

Background:
 You were a Cutpurse, a level 5 female human Rogue.
 You were chaotic, nominally on a mission for Kos
 who was opposed by Issek (lawful) and Mog (neutral).
 You were right-handed.
 You were in the Dungeons of Doom, on level 7.
 You entered the dungeon 2520 turns ago.
 You had 242 experience points, 78 more were needed to attain level 6.
 Your score was 1405 before end-of-game adjustments.

Basics:
 You had 0 out of 38 hit points.
 You had all 21 energy points (spell power).
 Your armor class was 4.
 Your wallet contained 117 zorkmids.
 Autopickup was on for '$!=+?/"' plus thrown.

Final Characteristics:
 Your strength was 15 (limit:18/100).
 Your dexterity was 18 (limit:18).
 Your constitution was 17 (limit:18).
 Your intelligence was 10 (limit:18).
 Your wisdom was 9 (limit:18).
 Your charisma was 7 (limit:18).

Final Status:
 You weren't hungry.
 You were burdened; movement was slightly slowed.
 You were wielding a dagger.
 You were skilled in dagger.

Final Attributes:
 You were piously aligned.
 You were magic-protected.
 You were stealthy.
 You were warded.
 You had reflection.
 You are dead.

Miscellaneous:
 You encountered 1 bones level.
 Total elapsed playing time was 21 minutes and 47 seconds.

Major events:
 Turn
    1: Brudee the chaotic female human Rogue entered the dungeon
 1085: attained the rank of Cutpurse (level 3)
 2520: killed by a plains centaur

Spells:
 Name                 Level Category     Fail Retention
 wizard lock            2   matter       100%  76%-100%

Skills:
 Fighting Skills
   bare handed combat [Unskilled]
   two weapon combat  [Unskilled]
   riding             [Unskilled]
 Weapon Skills
   dagger             [Skilled]
   knife              [Unskilled]
   short sword        [Basic]
   broadsword         [Unskilled]
   long sword         [Unskilled]
   two-handed sword   [Unskilled]
   saber              [Unskilled]
   club               [Unskilled]
   mace               [Unskilled]
   morning star       [Unskilled]
   flail              [Unskilled]
   hammer             [Unskilled]
   polearms           [Unskilled]
   spear              [Unskilled]
   crossbow           [Unskilled]
   dart               [Unskilled]
   shuriken           [Unskilled]
 Spellcasting Skills
   divination spells  [Unskilled]
   escape spells      [Unskilled]
   matter spells      [Unskilled]

Voluntary challenges:
 Character rerolling was not enabled.
 You were an atheist.
 You never genocided any monsters.
 You never polymorphed an object.
 You never changed form.
 You used no wishes.
Achievements:
 You entered a shop.
 You attained the rank of Cutpurse.

 The Dungeons of Doom: levels 1 to 7
    Level 1:
    Level 2:
       A potion shop, a fountain.
    Level 3:
       A weapon shop.
    Level 4:
       Some fountains, a sink.
    Level 5:
       An armor shop, a fountain.
    Level 6:
       A grave.
       Final resting place for
          pots164-Wiz-Orc-Mal-Cha, killed by a jackal.
    Level 7: <- You were here.
       Final resting place for
          you, killed by a plains centaur.


Vanquished creatures:
  a leprechaun
  a dwarf mummy
  a wood nymph
  2 Uruk-hai
  a shrieker
  2 giant ants
  a floating eye
  a kitten
  a kobold leader
  2 werejackals
 an acid blob
  a coyote
  2 hobbits
  3 giant rats
  4 cave spiders
  a yellow mold
  a red mold
  3 garter snakes
  a gnome zombie
  a gecko
 13 jackals
  2 foxes
  a kobold
  3 goblins
  4 sewer rats
  5 grid bugs
  2 lichens
  8 newts
69 creatures vanquished.

No species were genocided or became extinct.

Game over:
                       ----------
                      /          \
                     /    REST    \
                    /      IN      \
                   /     PEACE      \
                  /                  \
                  |      Brudee      |
                  |      117 Au      |
                  |   killed by a    |
                  |  plains centaur  |
                  |                  |
                  |                  |
                  |       2026       |
                 *|     *  *  *      | *
        _________)/\\_//(\/(/\)/\//\/|_)_______

Goodbye Brudee the Rogue...

You died in The Dungeons of Doom on dungeon level 7 with 1394 points,
and 117 pieces of gold, after 2520 moves.
You were level 5 with a maximum of 38 hit points when you died.

